 Dungeon Crawl Stone Soup version 0.16.1-11-g651b585 (webtiles) character file.

49 sugabear the Sneak (level 3, 0/16 HPs)
             Began as a Vine Stalker Enchanter on Apr 3, 2015.
             Succumbed to an adder's poison
             ... on level 3 of the Dungeon.
             The game lasted 00:04:00 (1550 turns).

sugabear the Sneak (Vine Stalker Enchanter)         Turns: 1550, Time: 00:04:00

Health: 0/16       AC:  3    Str: 16    XL:     3   Next: 77%
Magic:  3/7        EV: 11    Int: 15    God:
Gold:   101        SH:  0    Dex: 15    Spells: 2 memorised, 4 levels left

rFire  . . .     SeeInvis .     n - +1 dagger (speed)
rCold  . . .     Clarity  .     b - +1 robe
rNeg   . . .     SustAb   .     (no shield)
rPois  .         Gourm    .     (no helmet)
rElec  .         Spirit   +     (no cloak)
rCorr  .         Warding  .     (no gloves)
rMut   .         Stasis   .     (no boots)
MR     .....                    (no amulet)
Stlth  ++........               (no ring)
                                a - +6 ring of strength

@: lethally poisoned (0 -> -10), flying, heavily drained, not resistant to
hostile enchantments, unstealthy
A: fangs 2, regeneration 1, magic shield, antimagic bite, no device heal 3, rot
immunity
a: no special abilities


You were on level 3 of the Dungeon.
You were hungry.

You visited 1 branch of the dungeon, and saw 3 of its levels.

You collected 101 gold pieces.

Inventory:

Hand weapons
 j - a +2 dagger of draining
 n - a +1 dagger of speed (weapon)
Armour
 b - a +1 robe (worn)
Jewellery
 a - a +6 ring of strength (left hand)
Scrolls
 e - a scroll of identify {unknown}
 f - a scroll of enchant armour {unknown}
 g - a scroll of random uselessness {unknown}
 k - a scroll of amnesia {unknown}
 l - a scroll of fog {unknown}
 m - a scroll of teleportation {unknown}
 o - a scroll of blinking {unknown}
Books
 c - a book of Maledictions

   Spells                             Type                      Level
   a - Corona                         Hexes                        1
   b - Sure Blade                     Hexes/Charms                 2
   c - Ensorcelled Hibernation        Hexes/Ice                    2
   d - Confuse                        Hexes                        3
   e - Dazzling Spray                 Conjuration/Hexes            3
   f - Enslavement                    Hexes                        4
Comestibles
 d - a bread ration
 h - a beef jerky


   Skills:
 + Level 0.1(0.0) Fighting
 + Level 1.0(0.0) Short Blades
 + Level 1.8(0.0) Dodging
 * Level 4.8(2.4) Stealth
 + Level 2.6(0.3) Spellcasting
 + Level 3.2(0.9) Hexes


You had 4 spell levels left.
You knew the following spells:

 Your Spells              Type           Power        Failure   Level  Hunger
a - Corona                Hex            #......      17%         1    ##.....
b - Ensorcelled Hibernat  Hex/Ice        #.....       34%         2    ###....


Dungeon Overview and Level Annotations

Branches:
Dungeon (3/15)

Altars:
Okawaru
Qazlal


Innate Abilities, Weirdness & Mutations

You have extremely sharp teeth.
Your natural rate of healing is unusually fast.
When hurt, damage is shared between your health and your magic reserves.
Your bite disrupts and absorbs the magic of your enemies.
Potions and wands cannot restore your health.
You are immune to rotting.


Message History

You feel sick. The adder bites you.
* * * LOW HITPOINT WARNING * * *
You are more poisoned.
The adder poisons you!
Unknown command.
Drink which item? (? for menu, Esc to quit)
It was a potion of flight.
You feel very buoyant.
You fly up into the air.
* * * LOW HITPOINT WARNING * * *
You feel sick. The adder closely misses you.
Unknown command.
You are too injured to fight recklessly!
You are too injured to fight recklessly!
You are too injured to fight recklessly!
You are too injured to fight recklessly!
You barely miss the adder. You bite the adder. You drain its power.
You feel invigorated.
The adder is almost dead.
You die...

.### ..?...
..#..# #....
##...# #####...^
#.......#####
#........#..#
#..<@S.....#
#..............##
...###.......## .
#########


You could see an adder.

Vanquished Creatures
  An adder (D:2)
  2 giant geckos
  8 bats
  4 hobgoblins
  4 jackals (D:2)
  4 kobolds
  A quokka (D:2)
  A giant cockroach (D:2)
  5 giant newts
  4 goblins
  3 rats
37 creatures vanquished.

Notes
Turn   | Place    | Note
--------------------------------------------------------------
     0 | D:1      | sugabear, the Vine Stalker Enchanter, began the quest for the Orb.
     0 | D:1      | Reached XP level 1. HP: 9/9 MP: 3/3
   121 | D:1      | Found an iron altar of Okawaru.
   130 | D:1      | Reached skill level 4 in Stealth
   142 | D:1      | Reached XP level 2. HP: 11/13 MP: 5/5
   147 | D:1      | Learned a level 2 spell: Ensorcelled Hibernation
   867 | D:2      | Reached XP level 3. HP: 16/16 MP: 7/7
  1162 | D:2      | Found a stormy altar of Qazlal.
  1164 | D:2      | Reached skill level 1 in Short Blades
  1550 | D:3      | Succumbed to an adder's poison

Action                   || total
-------------------------++-------
Melee: Dagger            ||   122
 Cast: Ensorcelled Hiber ||     6
  Use: Potion            ||     1
 Stab: Sleeping          ||     6
  Eat: Chunk             ||     2
